 Dungeon Crawl Stone Soup version 0.31-a0-339-gda1cbd555d (webtiles) character file.

Game seed: 5610789214778499920

252 avis the Chopper (level 6, -6/52 HPs)
             Began as a Hill Orc Monk on July 20, 2023.
             Was a Priest of Beogh.
             Mangled by an ogre
             ... wielding a +0 giant spiked club
              (29 damage)
             ... on level 4 of the Dungeon on July 21, 2023.
             The game lasted 00:14:44 (3084 turns).

avis the Chopper (Hill Orc Monk)                    Turns: 3084, Time: 00:14:44

Health: -6/52      AC: 10    Str: 16    XL:     6   Next: 13%
Magic:  9/9        EV:  7    Int: 10    God:    Beogh [***...]
Gold:   146        SH:  4    Dex: 13    Spells: 5/5 levels left

rFire   . . .        a - +0 hand axe
rCold   + . .        t - +0 buckler
rNeg    . . .        s - +0 chain mail {rC+}
rPois   .            z - +0 helmet
rElec   .            o - +0 cloak
rCorr   .            (no gloves)
SInv    .            (no boots)
Will    .....        u - amulet of faith Stlth
                     (no ring)
HPRegen 0.28/turn    (no ring)
MPRegen 0.11/turn

%: faith
@: no status effects
A: no striking features
a: Renounce Religion, Smiting


You were on level 4 of the Dungeon.
You worshipped Beogh.
Beogh was most pleased with you.
You visited 1 branch of the dungeon, and saw 4 of its levels.

You collected 146 gold pieces.

Inventory:

Hand Weapons
 a - a +0 hand axe (weapon)
 B - a +0 trident
Missiles
 v - 4 poisoned darts (quivered)
Armour
 d - an orb of light
 l - an orb of guile
 o - a +0 cloak (worn)
 s - a +0 chain mail of cold resistance (worn)
 t - a +0 buckler (worn)
 z - a +0 helmet (worn)
Magical Staves
 k - a staff of poison
 r - a staff of fire
Jewellery
 u - an amulet of faith (around neck)
 y - an amulet of regeneration
Talismans
 m - a blade talisman
Scrolls
 b - 3 scrolls of identify {unknown}
 g - 3 scrolls of revelation {unknown}
 h - a scroll of fear {unknown}
 i - a scroll of blinking {unknown}
 j - a scroll of poison {unknown}
 n - a scroll of silence {unknown}
 q - 2 scrolls of immolation {unknown}
 w - a scroll of vulnerability {unknown}
Potions
 c - 2 potions of ambrosia
 e - a potion of lignification {unknown}
 f - a potion of brilliance {unknown}
 p - a potion of haste {unknown}
 x - a potion of might {unknown}
 A - a potion of attraction {unknown}


   Skills:
 - Level 4.0 Fighting
 + Level 7.1 Axes
 - Level 2.4 Dodging
 * Level 4.5 Invocations


You had 5 spell levels left.
You didn't know any spells.
Your spell library contained the following spells:

 Spells                   Type           Power      Damage    Failure   Level
 Apportation              Tloc           0%         N/A       100%        1


Dungeon Overview and Level Annotations

Branches:
Dungeon (4/15)
 Temple: D:4-7

Altars:

Shops:
D:2 (


Message History

The orc barely misses you.
Your orc hits the orc with a +0 falchion.
The orc dies!
Beogh accepts your kill.
Things that are here:
a +0 flail; a +0 scale mail; an orc corpse You swap places.
You swap places.
You see here an iguana corpse.
You swap places.
Things that are here:
a +0 whip; a +0 leather armour You start resting.
An ogre is nearby!
Press: ? - help, v - describe, . - travel, g - get item
Here: an orc, wielding a +0 falchion (friendly)
Items here: a +0 flail; a +0 scale mail; an orc corpse.
The floor, spattered with blood.
What are your orders? t - Shout!
Orders for allies: a - Attack new target. r - Retreat! s - Stop attacking. g - Guard the area. f - Follow me.
Anything else - Cancel.
Follow me!
You swap places.
Throw: 5 darts (poison)
Press: ? - help, Q - select action, (/) - cycle Shift-Dir - straight line, f - ogre
Aim: an ogre, wielding a +0 giant spiked club (72% to hit)
You throw a poisoned dart. The poisoned dart hits the ogre.
You swap places.
You barely miss the ogre. Your orc hits the ogre with a +0 club.
The ogre hits you with a +0 giant spiked club!!
You hit the ogre.
The ogre is moderately wounded.
Your orc barely misses the ogre.
Your orc hits the ogre with a +0 club.
Your orc hits the ogre with a +0 falchion!
The ogre hits you with a +0 giant spiked club!!
Ouch! That really hurt!
You die...

.......<..##......
..........................
...#[.....................
. #......................
....#....................
#..###...................
##. #.......>........... .
#.........oo.........
#.......(.O@.).#
...........o.†##
...............##
..............#####
(.............#...
.....##...##....#
..........##..<.#
..........##....#
..........##....##


You could see an ogre (ally target) and 3 friendly orcs.

Vanquished Creatures
  2 iguanas (D:4)
  Natasha (D:3)
  Robin (D:3)
  4 adders (D:3)
  A river rat (D:3)
  A worm (D:3)
  3 dart slugs
  8 orcs
  2 ball pythons
  5 bats
  An endoplasm (D:3)
  8 giant cockroaches
  10 goblins
  9 hobgoblins
  9 jackals (D:1)
  2 quokkas (D:3)
  5 frilled lizards
  6 kobolds
  6 rats
84 creatures vanquished.

Vanquished Creatures (collateral kills)
  An iguana (D:4)
  2 orcs (D:4)
3 creatures vanquished.

Vanquished Creatures (others)
  An orc priest (D:2)
  An orc (D:2)
2 creatures vanquished.

Grand Total: 89 creatures vanquished

Notes
Turn   | Place    | Note
-------+----------+-------------------------------------------
     0 | D:1      | avis the Hill Orc Monk began the quest for the Orb.
     0 | D:1      | Reached XP level 1. HP: 19/19 MP: 1/1
    83 | D:1      | Reached XP level 2. HP: 23/26 MP: 2/2
   238 | D:1      | Reached skill level 5 in Axes
   430 | D:1      | Reached XP level 3. HP: 31/31 MP: 3/3
  1010 | D:2      | Reached skill level 6 in Axes
  1102 | D:2      | Found Icicul's Weapon Shop.
  1257 | D:2      | Became a worshipper of Beogh the Brigand
  1257 | D:2      | Reached * piety under Beogh
  1257 | D:2      | Reached ** piety under Beogh
  1640 | D:3      | Reached XP level 4. HP: 40/40 MP: 4/4
  2054 | D:3      | Noticed Natasha
  2066 | D:3      | Killed Natasha
  2067 | D:3      | Reached skill level 1 in Invocations
  2318 | D:3      | Found a faded altar of an unknown god.
  2328 | D:3      | Reached XP level 5. HP: 46/46 MP: 6/6
  2331 | D:3      | Got Plato's Incunabulum of Dislocation
  2536 | D:3      | Reached *** piety under Beogh
  2538 | D:3      | Noticed Robin
  2558 | D:3      | Killed Robin
  2808 | D:4      | Noticed an ogre
  2967 | D:4      | Reached skill level 7 in Axes
  2967 | D:4      | Reached XP level 6. HP: 26/52 MP: 9/9
  3084 | D:4      | Mangled by an ogre

Illustrated notes

Levels and vault maps discovered:
D:1:      wander_arrival_lonely_grave, layout_basic, hangedman_decor_growths,
          st_stairs_13, hangedman_feature_mirror, fountainhead
D:2:      cheibrodos_pilgrimage, layout_rooms, serial_shops,
          nicolae_shop_tiny_waterfront
D:3:      minmay_diamond_boxcup, layout_loops_ring,
          shapermc_ecumenical_altar_rom_forum, gup_sewer_entry_spiral,
          grunt_decor_cap, uniq_natasha, uniq_robin
D:4:      layout_cave_pools, grunt_ministairs_10, serial_bayou_lake_a,
          uniq_crazy_yiuf_cottage, uniq_edmund

Skill      XL: |  1  2  3  4  5 |
---------------+----------------+-----
Axes           | 5 6 7 |  7.1
Fighting       | 4 |  4.0
Invocations    | 2 4 |  4.5
Dodging        | |  2.4

Action                     |  1- 3 |  4- 6 || total
---------------------------+-------+-------++-------
  Melee: Hand axe          |   136 |   212 ||   348
  Throw: Dart              |       |     1 ||     1
 Invoke: Convert to Beogh  |     1 |       ||     1
   Stab: Distracted        |       |     2 ||     2
 Armour: Scale mail        |    54 |       ||    54
         Chain mail        |     9 |   106 ||   115
  Dodge: Dodged            |    64 |    62 ||   126
  Block: Buckler           |     1 |    31 ||    32

Table legend: (Time is in decaauts)
 A = Elapsed time spent in this place.
 B = Non-inter-level travel time spent in this place.
 C = Inter-level travel time spent in this place.
 D = Time resting spent in this place.
 E = Time spent auto-exploring this place.
 F = Levels seen in this place.
 G = Mean time per level.
                   A        B        C        D        E       F      G
               +--------+--------+--------+--------+--------+-----+--------+
         Total |   3132 |   2820 |    312 |    264 |   1587 |   4 |  783.0 |
       Dungeon |   3132 |   2820 |    312 |    264 |   1587 |   4 |  783.0 |
               +--------+--------+--------+--------+--------+-----+--------+

Top non-repeatable levels by time:
     D:3: 1311 daAuts
     D:1: 1004 daAuts
     D:2: 621 daAuts
     D:4: 195 daAuts
